 Dungeon Crawl Stone Soup version 0.18-a0-721-g8fc53f4 (webtiles) character file.

746733 ventricule the Grand Master (level 27, -7/213 HPs)
             Began as an Octopode Transmuter on Dec 8, 2015.
             Was the Champion of Ashenzari.
             Mangled by a death scarab (17 damage)
             ... on level 3 of the Tomb of the Ancients on Dec 9, 2015.
             The game lasted 06:09:37 (106448 turns).

ventricule the Grand Master (Octopode Transmuter) Turns: 106448, Time: 06:09:37

Health: -7/213     AC: 13    Str: 13    XL:     27
Magic:  57/60      EV: 34    Int: 28    God:    Ashenzari [******]
Gold:   5947       SH:  0    Dex: 19    Spells: 12 memorised, 3 levels left

rFire  + + .     SeeInvis +       - Unarmed
rCold  + + +     Clarity  +     (no shield)
rNeg   + + +     SustAt   +     S - +2 hat {Int+3} (curse)
rPois  ∞         Gourm    .     C - amulet of Jeosm {rCorr +Fly rC+} (curse)
rElec  +         Spirit   .     T - ring of Afumm {*Drain +Inv rF++ Dex-2 Stlth+} (curse)
rCorr  +         Dismiss  .     G - ring "Bediab" {SustAt rElec} (curse)
rMut   .         Stasis   .     L - ring "Icrown" {+Fly rF+ MP+9} (curse)
MR     +++..                    Y - ring "Qazxymot" {Str+5 Dex+3} (curse)
Stlth  +++.......               W - +4 ring of protection (curse)
                                b - +3 ring of slaying (curse)
                                t - ring "Jiun" {Ice +Blink MP+9 Str-5 Slay+5} (curse)
                                z - +3 ring of slaying (curse)

@: lich-form, very slightly contaminated, deflect missiles, extremely resistant
to hostile enchantments, fairly stealthy
A: almost no armour, amphibious, 8 rings, constrict 8, camouflage 1, clever 2,
poison resistance, strong 1, wild magic 1, gelatinous body 1
a: End Transformation, Scrying, Transfer Knowledge, Renounce Religion, Evoke
Blink, Evoke Invisibility, Evoke Flight
}: 4/15 runes: barnacled, slimy, silver, gossamer


You were on level 3 of the Tomb of the Ancients.
You worshipped Ashenzari.
Ashenzari was exalted by your worship.
You were not hungry.
You were a lich.
You visited 12 branches of the dungeon, and saw 61 of its levels.
You visited 1 ziggurat, and saw 15 of its levels.
You also visited: Labyrinth and Ice Cave.

You collected 11348 gold pieces.
You spent 5401 gold pieces at shops.


Innate Abilities, Weirdness & Mutations

You cannot wear most types of armour.
You are amphibious.
You can wear up to eight rings at the same time.
You can use your tentacles to constrict eight enemies at once.
Your skin changes colour to match your surroundings (Stealth).
Your rubbery body absorbs attacks (AC +1).
Your mind is very acute. (Int +4)
Your system is resistant to poisons.
Your muscles are strong. (Str +2)
Your spells are a little harder to cast, but a little more powerful.


   Skills:
 + Level 23.7 Fighting
 + Level 22.2(25.5) Dodging
 O Level 27 Unarmed Combat
 - Level 15.6 Spellcasting
 - Level 14.0(18.0) Charms
 - Level 16.7(20.5) Necromancy
 - Level 3.1(7.0) Translocations
 - Level 16.7(20.5) Transmutations
   Level 4.1(8.3) Ice Magic
 - Level 4.7(9.1) Air Magic
 - Level 7.1(11.6) Earth Magic
   Level 4.0(8.2) Poison Magic
 - Level 8.0(12.4) Evocations


You had 3 spell levels left.
You knew the following spells:

 Your Spells              Type           Power        Failure   Level  Hunger
d - Deflect Missiles      Chrm/Air       #######...   4%          6    N/A
e - Apportation           Tloc           ######....   1%          1    N/A
g - Regeneration          Chrm/Necr      ########..   1%          3    N/A
h - Haste                 Chrm           ########     1%          6    N/A
w - Passage of Golubria   Tloc           N/A          4%          4    N/A
x - Agony                 Necr           ########     1%          5    N/A
y - Dragon Form           Trmt           ########..   2%          7    N/A
z - Beastly Appendage     Trmt           ######       1%          1    N/A
C - Statue Form           Trmt/Erth      ########.    2%          6    N/A
M - Necromutation         Trmt/Necr      ########..   11%         8    N/A
R - Summon Butterflies    Summ           #####...     4%          1    N/A
X - Hydra Form            Trmt           ########..   1%          6    N/A

Inventory:

Armour
 S - a cursed +2 hat of intelligence (worn)
Jewellery
 b - a cursed +3 ring of slaying (on tentacle)
 e - an uncursed ring of protection from magic
 h - the cursed ring "Motoappe" {+Fly rF- Str+4 Slay+2}

   [ring of flight]

   It affects your strength (+4).
   It affects your accuracy and damage with ranged weapons and melee attacks
   (+2).
   It makes you vulnerable to fire.
   It lets you fly.
   It has a curse placed upon it.
 t - the cursed ring "Jiun" (on tentacle) {Ice +Blink MP+9 Str-5 Slay+5}

   [ring of ice]

   It enhances your ice magic, and weakens your fire magic.
   It affects your strength (-5).
   It affects your accuracy and damage with ranged weapons and melee attacks
   (+5).
   It makes you vulnerable to fire.
   It protects you from cold.
   It affects your magic capacity (+9).
   It lets you blink.
   It has a curse placed upon it.
 z - a cursed +3 ring of slaying (on tentacle)
 C - the cursed amulet of Jeosm (around mantle) {rCorr +Fly rC+}

   [amulet of resist corrosion]

   It protects you from acid and corrosion.
   It protects you from cold.
   It lets you fly.
   It has a curse placed upon it.
 G - the cursed ring "Bediab" (right tentacle) {SustAt rElec}

   [ring of sustain attributes]

   It sustains your strength, intelligence and dexterity.
   It insulates you from electricity.
   It has a curse placed upon it.
 L - the cursed ring "Icrown" (on tentacle) {+Fly rF+ MP+9}

   [ring of flight]

   It protects you from fire.
   It affects your magic capacity (+9).
   It lets you fly.
   It has a curse placed upon it.
 T - the cursed ring of Afumm (left tentacle) {*Drain +Inv rF++ Dex-2 Stlth+}

   [ring of dexterity]

   It affects your dexterity (-2).
   It greatly protects you from fire.
   It lets you turn invisible.
   It causes draining when unequipped.
   It makes you more stealthy.
   It has a curse placed upon it.
 W - a cursed +4 ring of protection (on tentacle)
 Y - the cursed ring "Qazxymot" (on tentacle) {Str+5 Dex+3}

   [ring of dexterity]

   It affects your strength (+5).
   It affects your dexterity (+3).
   It has a curse placed upon it.
Wands
 f - a wand of heal wounds (5) {!d@v2}
 l - a wand of disintegration (3)
 m - a wand of digging (12)
 y - a wand of hasting (3) {!d@v3}
 A - a wand of fire (4)
 E - a wand of teleportation (2) {!d@v4}
Scrolls
 a - 4 scrolls of fear
 r - 4 scrolls of remove curse
 w - a scroll of amnesia
 D - 5 scrolls of fog
 M - 11 scrolls of recharging
 Q - 14 scrolls of teleportation {@r4}
 U - 6 scrolls of magic mapping
 X - 23 scrolls of identify {@r1}
Potions
 d - 5 potions of might
 g - 11 potions of curing {@q1}
 i - 13 potions of brilliance
 n - 8 potions of flight
 o - 5 potions of invisibility
 q - 3 potions of cancellation
 s - 5 potions of haste {@q3}
 u - 5 potions of resistance
 F - 2 potions of agility
 I - 5 potions of magic
 J - 7 potions of cure mutation
 R - 11 potions of heal wounds {@q2}
Books
 p - a book of Enchantments

   Spells                             Type                      Level
   a - Cause Fear                     Hexes                        4
   b - Yara's Violent Unravelling     Hexes/Transmutation          5
   c - Silence                        Hexes/Air                    5
   d - Deflect Missiles               Charms/Air                   6
   e - Haste                          Charms                       6
   f - Discord                        Hexes                        8
Miscellaneous
 j - a legendary deck of defence {drawn: 1}
 k - a legendary deck of defence {the Shadow}
 B - a fan of gales
 O - 2 phantom mirrors
 V - a legendary deck of changes {drawn: 1}
 Z - a legendary deck of defence {drawn: 1}
Comestibles
 c - 35 bread rations
 v - 4 meat rations

Dungeon Overview and Level Annotations

Branches:
Dungeon (15/15)            Temple (1/1) D:4            Lair (8/8) D:9
 Shoals (4/4) Lair:3       Spider (4/4) Lair:3        Slime (6/6) Lair:7
    Orc (4/4) D:11            Elf (3/3) Orc:4        Vaults (5/5) D:13
  Crypt (3/3) Vaults:2       Tomb (3/3) Crypt:3      Depths (5/5) D:15
    Zot (0/5) Depths:5

Altars:
Ashenzari
Cheibriados
Dithmenos
Elyvilon
Fedhas
Gozag
Kikubaaqudgha
Makhleb
Nemelex Xobeh
Okawaru
Pakellas
Qazlal
Ru
Sif Muna
Trog
Vehumet
Xom
Yredelemnul
Zin
The Shining One
Jiyva
Lugonu

Shops:
D:4 }   D:5 %   D:6 *   D:9 !=*((   D:13 (   Orc:1 [   Orc:2 (   Orc:3 !
Orc:4 %(**   Elf:1 *   Elf:3 *   Shoals:3 }   Vaults:3 ?   Vaults:4 [!![

Portals:
Hell: Depths:1 Depths:2 Depths:3 Depths:4 Depths:5
Abyss: Depths:1 Depths:4
Pandemonium: Depths:3

Annotations:
Elf:2 24 runed doors

░░░ ░ ▒▒▒▒▒▒▒▒
░░ ░, ∆░
▒..BL..▒ ,,,, ░
,, ∆∆ ▒.#BBB.▒░
,,, , ░░ ░░ ,
,∆ ░▒#.#BB.▒░ ,
, ░,, ,,
,,▒..#BB.▒,, ,
,, ,░░ ░ , , ,
,
,,▒..####▒,,,,,
,, ,,░ ,, ,
,,,∆,▒.###X.▒ ,
,,, ,, ,, ,, ,
,,,,▒..XX..▒∆ ,
,,,, , ▒.X.L..▒
,,,,, , , , ,
,, , ,▒......▒
,, ,, , ,,


You could see 2 tentacled monstrosities, an ancient lich, 2 large abominations
and 8 death scarabs.


Message History

The death scarab closely misses you. The death scarab misses you.
The death scarab bites you!
* * * LOW HITPOINT WARNING * * *
The death scarab completely misses you.
Evoke which item? (* to show all) (? for menu, Esc to quit)
You draw a card...
It is the Tomb.
Walls emerge from the floor!
The death scarab closely misses you. The death scarab misses you.
The death scarab completely misses you. x2
The death scarab closely misses you. The death scarab completely misses you.
The ancient lich casts a spell.
You can't drink.
Evoke which item? (* to show all) (? for menu, Esc to quit)
Zapping:
f - a wand of heal wounds (6) {!d@v2} You feel much better.
This wand has 5 charges left.
The death scarab completely misses you. x2
The death scarab closely misses you. The death scarab misses you.
The death scarab closely misses you. The death scarab completely misses you.
The death scarab completely misses you. x2
The death scarab bites you!!
* * * LOW HITPOINT WARNING * * *
A greater mummy comes into view. It is wielding a rapier.
Read which item? (? for menu, Esc to quit)
Okay, then.
Read which item? (? for menu, Esc to quit)
Blink to where?
As you read the scroll of blinking, it crumbles to dust.
The walls disappear prematurely!
The death scarab bites you.
* * * LOW HITPOINT WARNING * * *
The death scarab completely misses you. The death scarab bites you!
You die...

Action                   |  1- 3 |  4- 6 |  7- 9 | 10-12 | 13-15 | 16-18 | 19-21 | 22-24 | 25-27 || total
-------------------------+-------+-------+-------+-------+-------+-------+-------+-------+-------++-------
Melee: Unarmed           |   110 |   154 |   353 |   616 |  1289 |  1013 |  1039 |  1169 |  2334 ||  8077
       Quarterstaff      |       |       |       |    10 |    20 |    10 |       |       |       ||    40
 Cast: Beastly Appendage |    13 |     6 |     1 |       |       |       |       |       |       ||    20
       Spider Form       |     2 |    12 |    37 |    24 |       |       |       |       |       ||    75
       Sticks to Snakes  |       |     6 |     3 |     1 |       |       |       |       |       ||    10
       Blade Hands       |       |       |     1 |     4 |     3 |     3 |       |       |       ||    11
       Ice Form          |       |       |       |    40 |   131 |    84 |     2 |     1 |       ||   258
       Hydra Form        |       |       |       |       |       |     9 |    32 |    15 |    18 ||    74
       Statue Form       |       |       |       |       |       |    31 |    39 |    33 |    41 ||   144
       Dragon Form       |       |       |       |       |       |     8 |    11 |     8 |    18 ||    45
       Deflect Missiles  |       |       |       |       |       |       |    13 |     7 |    13 ||    33
       Passage of Golubr |       |       |       |       |       |       |     1 |     1 |     4 ||     6
       Necromutation     |       |       |       |       |       |       |       |       |    68 ||    68
       Regeneration      |       |       |       |       |       |       |       |       |    16 ||    16
       Haste             |       |       |       |       |       |       |       |       |    20 ||    20
       Agony             |       |       |       |       |       |       |       |       |     1 ||     1
Invok: Scrying           |       |       |       |       |       |       |     1 |     3 |       ||     4
 Abil: End Transformatio |       |       |       |       |     1 |     1 |       |       |     2 ||     4
       Breathe Fire      |       |       |       |       |       |     7 |     7 |     5 |     3 ||    22
Evoke: Wand              |       |       |       |     5 |     4 |     1 |     4 |     5 |     8 ||    27
       Fan of gales      |       |       |       |       |       |     1 |     1 |       |       ||     2
       Phantom mirror    |       |       |       |       |       |       |       |       |     2 ||     2
       Deck              |       |       |       |       |       |       |       |       |     3 ||     3
  Use: Scroll            |     4 |     7 |     8 |    18 |    13 |    14 |    17 |     9 |    24 ||   114
       Potion            |       |     1 |     1 |     3 |     5 |     5 |       |     4 |     8 ||    27
 Stab: Sleeping          |     8 |     7 |       |     4 |     7 |       |     3 |    15 |     6 ||    50
       Distracted        |       |       |     1 |       |     1 |     5 |     4 |     3 |     4 ||    18
       Petrified         |       |       |       |       |       |       |       |       |     7 ||     7
       Petrifying        |       |       |       |       |       |       |       |       |     2 ||     2
  Eat: Chunk             |     3 |     5 |    15 |    39 |    62 |    38 |    21 |     7 |    15 ||   205
       Pizza             |       |     1 |       |     3 |     1 |     3 |       |       |       ||     8
       Meat ration       |       |     1 |     1 |       |     3 |     5 |     1 |     4 |     6 ||    21
       Royal jelly       |       |       |       |     1 |       |       |       |       |     3 ||     4
       Beef jerky        |       |       |       |     1 |       |       |       |       |       ||     1
       Fruit             |       |       |       |       |     2 |       |       |       |       ||     2

Vault maps used:
D:1:      lightli_iron_boxes, serial_park_tiny_2, minmay_rat_gold_closets
D:2:      gammafunk_temple_overflow_pools, kennysheep_generic_room_3,
          uniq_jessica
D:3:      first_bread, minmay_misc_feat_diagonals
D:4:      lemuel_temple_firewalk, serial_shops, nicolae_shop_crystal
D:5:      serial_shops, kennysheep_little_box
D:6:      kennysheep_housing_project, serial_shops, shop, dk_yredelemnul_ordeal
D:7:      uniq_menkaure, uniq_pikel, uniq_crazy_yiuf_cottage
D:9:      lair_0_dummy, serial_shops, shop, nicolae_shop_trees,
          nicolae_shop_waterfront, shop, nicolae_shop_stone, grunt_livestock,
          minivault_16, st_stairs_6
D:10:     hangedman_decor_growths, statue_in_the_mist_lemuel
D:11:     erik_orc_2, lab_entry_generic
D:12:     uniq_fannar
D:13:     erik_vaults_2, serial_shops, shop
D:14:     eino_tiny_chamber, kennysheep_generic_room_11, uniq_agnes
D:15:     hangedman_depths_entry_try_elsewhere_first, basic_altar
Temple:   kilobyte_greek_temple_18
Lair:1:   minmay_lair_oklob_chamber, uniq_sonja
Lair:2:   bobbens_dragon_lair_wall, lemuel_fruit_fields
Lair:3:   elwin_shoals_entry_rocks, spider_nest_entry_a,
          infiniplex_staircase_pool
Lair:4:   st_stairs_12, grunt_forest_large_clearings
Lair:5:   dragon1_lemuel, serial_forest, infiniplex_forest_corner_2,
          infiniplex_forest_lined_3_way, infiniplex_forest_straight_4,
          infiniplex_forest_zigzag_2, infiniplex_forest_lined_room_,
          infiniplex_forest_straight_2, infiniplex_forest_clump_medium,
          serial_bayou_shore_a
Lair:6:   serial_bayou_pond_b, grunt_megastairs_5, lemuel_fruit_tree
Lair:7:   slime_altar_2, grunt_megastairs_4, serial_bayou_shore_b,
          serial_bayou_shore_b
Lair:8:   hangedman_lair_in_review, lemuel_fruit_fields
Shoals:2: uniq_kirke, uniq_nikola, uniq_louise, uniq_polyphemus, uniq_frances
Shoals:3: serial_shops, nicolae_shop_trees
Shoals:4: shoals_end_grunt_ice, shoals_ilsuiw_ice
Spider:1: spider_trap, worms_lemuel, uniq_roxanne
Spider:4: johnstein_spider_rune_arachne_lair
Slime:2:  basic_altar
Slime:4:  nicolae_slime_round_cave
Orc:1:    serial_shops, shop
Orc:2:    serial_shops, shop, nicolae_orc_flooded_monolith
Orc:3:    portal_ice_cave_entry_pillars_01, serial_shops, nicolae_shop_trees,
          nicolae_orc_pool_cavern, uniq_nessos, uniq_donald
Orc:4:    st_orc_mages, serial_shops, nicolae_shop_crystal, uniq_josephine
Elf:1:    minmay_elf_arrival_summoners, serial_shops, shop_fountains,
          orc_legates, nicolae_elf_stone_circles
Elf:2:    door_vault
Elf:3:    elf_hall_gauntlet_narrow, serial_shops, shop, uniq_norris
Vaults:1: hangedman_vaults_impose, nicolae_vaults_little_squares_1, v_misc_5,
          nicolae_vaults_gold_heap, v_misc_32, vaults_room_fancy_cross,
          v_misc_17, hangedman_vaults_trim, st_lines, ontoclasm_vaults_spin,
          v_alt_pattern_4, vaults_standard_mumra_enter_the_diamond,
          vaults_room_grid, nicolae_vaults_puzzle_piece
Vaults:2: minmay_crypt_entry_vampire_xt, ontoclasm_vaults_tryst,
          vaults_dpeg_cross, vaults_mumra_hexcomb, vaults_room_large_hall,
          hangedman_vaults_maws, grunt_vaults_diagonal, vaults_dpeg_ring,
          nicolae_vaults_border_crossing
Vaults:3: v_rooms_1, nicolae_vaults_mini_display_case, nicolae_vaults_murderbox,
          nicolae_vaults_three_branches, grunt_vaults_bifocal, v_misc_18,
          nicolae_vaults_puzzle_piece, vaults_room_fancy_cross,
          hangedman_vaults_river_flow, nicolae_vaults_asterisk,
          vaults_mumra_chevron_long, ontoclasm_vaults_twist,
          vaults_dpeg_encased_lava, serial_shops, shop, uniq_sojobo, uniq_xtahua
Vaults:4: v_misc_28, nicolae_vaults_shelves_hall, st_hourglassy,
          hangedman_vaults_hat, hangedman_vaults_nodes,
          vaults_standard_mumra_lines, vaults_room_large_hall,
          nicolae_vaults_ring_of_whatevers, nicolae_vaults_puzzle_piece,
          serial_shops, shop_fountains, shop_statue, nicolae_shop_statue_plus,
          shop, uniq_mennas
Vaults:5: uniq_boris, uniq_mara
Crypt:1:  grunt_crypt_arrival_split, uniq_frederick
Crypt:2:  roderic_lattice_octagonal_star, uniq_margery
Crypt:3:  evilmike_haunted_forest
Tomb:3:   uniq_jory
Depths:1: pf_hell_entry_tar_spiral, abyss_entry_flame_altar, solitary_fountain,
          kennysheep_generic_room_13, uniq_aizul
Depths:2: evilmike_diamond_2, hell_entry, infiniplex_staircase_zigzag_1,
          serial_bayou_shore_b
Depths:3: evilmike_silver_temple, hangedman_abyss_or_decor_stagger, hell_entry,
          pan_entry, nicolae_sextant, kennysheep_generic_room_5,
          minmay_staircase_windowed_large, serial_bayou_shore_b
Depths:4: angbandy_vault, enter_ziggurat_e, abyss_entry, hell_entry,
          uniq_jorgrun
Depths:5: grunt_zot_entry_gee_three, nrook_uturn, hangedman_coc_ice_floe,
          uniq_saint_roka
Zig:10:   ziggurat_pillar_centre_c
Zig:12:   ziggurat_pillar_centre_smoke
Zig:14:   ziggurat_pillar_centre_dead_trees
Lab:      lab_statue, nicolae_lab_t_cross, lab_hedge, nicolae_lab_big_swirl,
          nicolae_lab_very_dead_end, labyrinth_glass_1
IceCv:    ice_cave_small_demon

Notes
Turn   | Place    | Note
--------------------------------------------------------------
     0 | D:1      | ventricule the Octopode Transmuter began the quest for the Orb.
     0 | D:1      | Reached XP level 1. HP: 13/13 MP: 3/3
   381 | D:1      | Reached XP level 2. HP: 18/18 MP: 5/5
   389 | D:1      | Learned a level 2 spell: Sticks to Snakes
  1025 | D:1      | Reached XP level 3. HP: 23/23 MP: 6/6
  1193 | D:1      | Learned a level 3 spell: Spider Form
  1414 | D:2      | Reached skill level 1 in Poison Magic
  1678 | D:2      | Reached XP level 4. HP: 23/28 MP: 5/7
  1725 | D:2      | Noticed Jessica
  1786 | D:2      | Reached skill level 3 in Transmutations
  2421 | D:2      | Killed Jessica
  2421 | D:2      | Reached skill level 2 in Poison Magic
  2616 | D:2      | Found a blossoming altar of Fedhas.
  2617 | D:2      | Found a basalt altar of Yredelemnul.
  2784 | D:3      | Reached XP level 5. HP: 33/33 MP: 8/8
  3085 | D:3      | Reached skill level 3 in Poison Magic
  3452 | D:3      | Reached skill level 4 in Transmutations
  3573 | D:4      | Noticed an ice beast
  3851 | D:4      | Found a staircase to the Ecumenical Temple.
  3860 | Temple   | Entered the Ecumenical Temple
  3908 | Temple   | Became a worshipper of Ashenzari the Shackled
  3980 | D:4      | Found Quhu's Gadget Boutique.
  4350 | D:4      | Reached XP level 6. HP: 33/38 MP: 5/9
  4361 | D:4      | Reached skill level 4 in Poison Magic
  4444 | D:4      | Reached skill level 4 in Unarmed Combat
  5081 | D:4      | Reached skill level 3 in Spellcasting
  5081 | D:4      | Reached XP level 7. HP: 43/43 MP: 7/11
  5104 | D:4      | Learned a level 4 spell: Ice Form
  5130 | D:5      | Entered Level 5 of the Dungeon
  5202 | D:5      | Found Nesch's Food Emporium.
  5278 | D:5      | Reached skill level 1 in Ice Magic
  5909 | D:5      | Reached skill level 5 in Unarmed Combat
  5953 | D:5      | Reached skill level 2 in Ice Magic
  6463 | D:6      | Noticed a hippogriff
  6473 | D:6      | Killed a hippogriff
  6473 | D:6      | Reached skill level 3 in Ice Magic
  6473 | D:6      | Reached XP level 8. HP: 17/48 MP: 5/12
  6589 | D:6      | Reached skill level 6 in Unarmed Combat
  6868 | D:6      | Reached * piety under Ashenzari
  6926 | D:6      | Reached skill level 4 in Ice Magic
  6934 | D:6      | Found a runed door.
  6938 | D:6      | Found a basalt altar of Yredelemnul.
  7157 | D:6      | Found Aruser's Assorted Antiques.
  7163 | D:6      | Bought a scroll labeled HYHAON JEFE for 26 gold pieces
  7387 | D:6      | Reached skill level 7 in Unarmed Combat
  7387 | D:6      | Reached skill level 5 in Transmutations
  7825 | D:6      | Reached skill level 6 in Transmutations
  7828 | D:6      | Reached XP level 9. HP: 35/53 MP: 6/13
  8088 | D:6      | Reached skill level 8 in Unarmed Combat
  8551 | D:6      | Reached skill level 7 in Transmutations
  9019 | D:7      | Noticed Menkaure
  9030 | D:7      | Learned a level 5 spell: Blade Hands
  9040 | D:7      | Killed Menkaure
  9323 | D:7      | Identified a potion of resistance
  9474 | D:7      | Noticed Conn321's ghost (novice HuIE)
  9743 | D:6      | Reached skill level 2 in Fighting
  9743 | D:6      | Reached skill level 9 in Unarmed Combat
 10026 | D:7      | Noticed Pikel
 10038 | D:7      | Killed Pikel
 10038 | D:7      | Reached skill level 3 in Fighting
 10038 | D:7      | Reached skill level 3 in Dodging
 10038 | D:7      | Reached XP level 10. HP: 40/63 MP: 12/15
 10509 | D:8      | Reached skill level 4 in Dodging
 11066 | D:8      | Reached skill level 4 in Fighting
 11070 | D:8      | HP: 6/63 [hound (5)]
 11306 | D:7      | Killed Crazy Yiuf
 11381 | D:7      | Killed Conn321's ghost
 11772 | D:8      | Reached skill level 5 in Dodging
 11772 | D:8      | Reached skill level 10 in Unarmed Combat
 11920 | D:8      | Identified the +10 falchion of Mamuuts {freeze, Fragile +Fly rC+ SInv}
 12554 | D:9      | Reached ** piety under Ashenzari
 12556 | D:9      | Found Jiarph's Jewellery Boutique.
 12564 | D:9      | Bought an uncursed ring of poison resistance for 280 gold pieces
 12583 | D:9      | Reached skill level 5 in Fighting
 12772 | D:9      | Found a staircase to the Lair.
 12813 | D:9      | Found Binoidue's Distillery.
 12827 | D:9      | Found Ejuffai's Assorted Antiques.
 13243 | D:9      | Found Uricerphi's Antique Weapon Emporium.
 13294 | D:9      | Noticed an ice statue
 13417 | D:9      | Found Pextax's Weapon Emporium.
 13486 | D:9      | Reached skill level 6 in Dodging
 13493 | D:9      | Reached skill level 4 in Spellcasting
 13493 | D:9      | Reached XP level 11. HP: 55/72 MP: 11/17
 13989 | D:9      | Reached skill level 6 in Fighting
 14262 | Lair:1   | Entered Level 1 of the Lair of Beasts
 14811 | Lair:1   | Reached skill level 5 in Spellcasting
 14818 | Lair:1   | Reached skill level 11 in Unarmed Combat
 14826 | Lair:1   | Reached skill level 7 in Dodging
 15312 | Lair:1   | Reached skill level 7 in Fighting
 15429 | Lair:1   | Noticed Sonja
 16266 | Lair:2   | Reached *** piety under Ashenzari
 16620 | Lair:2   | Reached skill level 8 in Dodging
 16841 | Lair:2   | Noticed a seven-headed hydra
 17393 | Lair:2   | Reached XP level 12. HP: 70/82 MP: 15/19
 17588 | Lair:2   | Reached skill level 8 in Fighting
 17611 | Lair:2   | HP: 6/82 [yak (6)]
 18369 | Lair:3   | Reached skill level 12 in Unarmed Combat
 18626 | Lair:3   | Found a staircase to the Shoals.
 18718 | Lair:3   | Reached skill level 9 in Dodging
 19065 | Lair:3   | Found a hole to the Spider Nest.
 19097 | Lair:3   | Reached **** piety under Ashenzari
 19309 | Lair:3   | Reached skill level 9 in Fighting
 19601 | Lair:3   | Noticed a six-headed hydra
 19612 | Lair:3   | Killed a six-headed hydra
 19664 | Lair:3   | Identified a scroll of acquirement
 21111 | Lair:4   | Reached skill level 10 in Dodging
 21162 | Lair:4   | Reached XP level 13. HP: 63/91 MP: 15/20
 21618 | Lair:4   | Reached skill level 13 in Unarmed Combat
 21625 | Lair:4   | Reached skill level 10 in Fighting
 22556 | Lair:5   | Noticed Raultor's ghost (journeyman MiBe)
 22801 | D:9      | Bought the ring "Qazxymot" {Str+5 Dex+3} for 464 gold pieces
 22801 | D:9      | Bought a +3 ring of slaying for 630 gold pieces
 22835 | D:10     | Entered Level 10 of the Dungeon
 23812 | D:11     | Found a labyrinth entrance.
 23849 | Lab      | Entered a labyrinth
 24081 | Lab      | Reached skill level 11 in Dodging
 24155 | Lab      | Reached ***** piety under Ashenzari
 24326 | Lab      | Noticed a minotaur
 24331 | Lab      | Killed a minotaur
 24343 | Lab      | Identified the Disquisition on Aid (You found it in a labyrinth)
 24343 | Lab      | Identified the Volume of the Escort and Lightness (You found it in a labyrinth)
 24899 | D:11     | Got the cursed hat "Budaedd" {-Cast rF++ Int+2 Stlth-}
 24988 | D:11     | Found a staircase to the Orcish Mines.
 25294 | D:11     | Reached skill level 8 in Transmutations
 25640 | D:11     | Reached skill level 11 in Fighting
 25771 | Orc:1    | Entered Level 1 of the Orcish Mines
 26633 | Orc:1    | Found Yvarrue's Antique Armour Emporium.
 27041 | Orc:3    | Noticed Donald
 27054 | Orc:3    | Killed Donald
 27054 | Orc:3    | Reached XP level 14. HP: 94/101 MP: 17/21
 27145 | Orc:3    | Found a frozen archway.
 27154 | IceCv    | Entered an ice cave
 27644 | IceCv    | Reached skill level 14 in Unarmed Combat
 27776 | IceCv    | Identified the amulet "Nuxtocim" {+Rage Dex+2}
 28102 | Orc:3    | Noticed Nessos
 28110 | Orc:3    | Killed Nessos
 28127 | Orc:3    | Found Ciont's Distillery.
 28736 | Orc:2    | Found Puekoxiv's Antique Weapon Shop.
 29045 | D:9      | Bought a +3 ring of slaying for 630 gold pieces
 29045 | D:9      | Bought the ring "Bediab" {SustAt rElec} for 441 gold pieces
 29173 | Orc:4    | Entered Level 4 of the Orcish Mines
 29582 | Orc:4    | Reached skill level 9 in Transmutations
 30008 | Orc:4    | Noticed Josephine
 30022 | Orc:4    | Killed Josephine
 30028 | Orc:4    | HP: 8/122 [wraith[Josephine] (6)]
 30420 | Orc:4    | Reached skill level 12 in Dodging
 30690 | Orc:4    | Found Ysoy's General Store.
 30690 | Orc:4    | Found Qaokkini's Assorted Antiques.
 30734 | Orc:4    | Found Ipri's Food Boutique.
 30767 | Orc:4    | Found Ziydep's General Store.
 31010 | Orc:4    | Found Epsios's Antique Weapon Boutique.
 31014 | Orc:4    | Bought a small granite ring for 85 gold pieces
 31253 | Orc:4    | Reached ****** piety under Ashenzari
 31284 | Orc:4    | Found a staircase to the Elven Halls.
 31684 | D:11     | Reached skill level 12 in Fighting
 31992 | Lair:5   | Killed Raultor's ghost
 31992 | Lair:5   | Reached skill level 6 in Spellcasting
 32267 | Lair:5   | Reached skill level 7 in Spellcasting
 33436 | Lair:5   | Reached skill level 8 in Spellcasting
 33454 | Lair:5   | Learned a level 1 spell: Summon Butterflies
 33761 | Lair:6   | Reached XP level 15. HP: 108/108 MP: 23/27
 34373 | Lair:7   | Reached skill level 9 in Spellcasting
 34667 | Lair:7   | Reached skill level 1 in Evocations
 35068 | Lair:7   | Found a runed door.
 35068 | Lair:7   | Found a viscous altar of Jiyva.
 35069 | Lair:7   | Found a staircase to the Slime Pits.
 35148 | Lair:8   | Entered Level 8 of the Lair of Beasts
 35166 | Lair:8   | Reached skill level 2 in Evocations
 35365 | Lair:8   | Reached skill level 3 in Evocations
 35487 | Lair:8   | Reached skill level 4 in Evocations
 35742 | Lair:8   | Reached skill level 5 in Evocations
 36165 | Lair:7   | Reached skill level 6 in Evocations
 36733 | Lair:8   | Reached skill level 7 in Evocations
 37458 | Lair:8   | Reached skill level 8 in Evocations
 38406 | Lair:8   | Gained mutation: Your system is resistant to poisons. [potion of beneficial mutation]
 39131 | Lair:3   | Reached skill level 15 in Unarmed Combat
 39296 | D:12     | Noticed Fannar
 39305 | D:12     | Killed Fannar
 39672 | D:12     | Learned a level 6 spell: Hydra Form
 40276 | D:13     | Found a gate to the Vaults.
 40284 | D:13     | Reached skill level 10 in Transmutations
 40302 | D:13     | Reached XP level 16. HP: 87/114 MP: 29/29
 40611 | D:13     | Found Pof Kuam's Weapon Shop.
 40625 | D:13     | Reached skill level 11 in Transmutations
 41154 | D:14     | Noticed Agnes
 41159 | D:14     | Killed Agnes
 41688 | D:15     | Entered Level 15 of the Dungeon
 41694 | D:15     | Reached skill level 12 in Transmutations
 42203 | D:15     | Found a shadowy altar of Dithmenos.
 42325 | D:15     | HP: 10/205 [tengu warrior/glaive (14)]
 42334 | D:15     | HP: 2/205 [centaur zombie (4)]
 42968 | D:15     | Reached skill level 13 in Transmutations
 43569 | D:15     | Found a staircase to the Depths.
 43582 | D:15     | HP: 6/148 [dire elephant (36)]
 43590 | D:15     | HP: 6/148 [poisoned by a naga mage (poison arrow)]
 43598 | D:15     | HP: 7/148 [poisoned by a naga mage (poison arrow)]
 44158 | Spider:1 | Entered Level 1 of the Spider Nest
 45238 | Spider:1 | Reached skill level 14 in Transmutations
 45891 | Spider:1 | Noticed Roxanne
 45910 | Spider:1 | Killed Roxanne
 45924 | Spider:1 | Learned a level 6 spell: Statue Form
 45979 | Spider:1 | Reached skill level 1 in Earth Magic
 46400 | Spider:1 | Reached skill level 2 in Earth Magic
 46710 | Spider:1 | Reached skill level 3 in Earth Magic
 47064 | Spider:2 | Reached skill level 4 in Earth Magic
 47706 | Spider:2 | Reached skill level 5 in Earth Magic
 47706 | Spider:2 | Reached XP level 17. HP: 116/119 MP: 26/30
 47753 | Spider:2 | HP: 11/142 [redback[a torpor snail] (8)]
 48400 | Orc:4    | Bought a scroll of remove curse for 51 gold pieces
 48403 | Orc:4    | Bought a book of the Dragon for 1080 gold pieces
 49824 | Spider:2 | Reached skill level 10 in Spellcasting
 49836 | Spider:2 | Learned a level 7 spell: Dragon Form
 50288 | Spider:2 | Reached skill level 6 in Earth Magic
 50631 | Spider:3 | Reached skill level 7 in Earth Magic
 51995 | Spider:4 | Entered Level 4 of the Spider Nest
 52714 | Spider:4 | Identified the amulet "Balabred" {rPois MR- Regen+ Int+6 SInv}
 53043 | Spider:4 | Noticed Arachne
 53051 | Spider:4 | Reached skill level 16 in Unarmed Combat
 53059 | Spider:4 | Killed Arachne
 53128 | Spider:4 | Reached skill level 11 in Spellcasting
 54658 | Spider:4 | Reached XP level 18. HP: 126/126 MP: 33/33
 54753 | Spider:4 | Reached skill level 17 in Unarmed Combat
 54905 | Spider:4 | Learned a level 3 spell: Regeneration
 55243 | Spider:4 | Got a gossamer rune of Zot
 55783 | Vaults:1 | Entered Level 1 of the Vaults
 56472 | Vaults:1 | Reached skill level 18 in Unarmed Combat
 57366 | Vaults:1 | Reached skill level 19 in Unarmed Combat
 57983 | Vaults:1 | Reached XP level 19. HP: 131/131 MP: 31/34
 58547 | Vaults:2 | Reached skill level 20 in Unarmed Combat
 59463 | Vaults:2 | Found a staircase to the Crypt.
 60756 | Vaults:2 | Reached skill level 12 in Spellcasting
 60773 | Vaults:2 | Learned a level 4 spell: Passage of Golubria
 60962 | Vaults:2 | Reached skill level 1 in Translocations
 60987 | Vaults:2 | Reached skill level 2 in Translocations
 61023 | Vaults:2 | Reached skill level 3 in Translocations
 61230 | Vaults:3 | Noticed Sojobo
 61244 | Vaults:3 | Killed Sojobo
 61418 | Vaults:3 | Found Ysui's Magic Scroll Emporium.
 61423 | Vaults:3 | Bought a scroll of remove curse for 48 gold pieces
 61428 | Vaults:3 | Noticed Xtahua
 61447 | Vaults:3 | Killed Xtahua
 61447 | Vaults:3 | Reached skill level 13 in Spellcasting
 61463 | Vaults:3 | Reached XP level 20. HP: 137/137 MP: 31/37
 62425 | Vaults:3 | Learned a level 6 spell: Deflect Missiles
 62513 | Vaults:3 | Reached skill level 1 in Charms
 62513 | Vaults:3 | Reached skill level 1 in Air Magic
 62850 | Vaults:3 | Reached skill level 2 in Air Magic
 62911 | Vaults:3 | Reached skill level 2 in Charms
 62991 | Vaults:3 | Reached skill level 3 in Air Magic
 63012 | Vaults:3 | Reached skill level 3 in Charms
 63344 | Vaults:4 | Found Huugeago's Distillery.
 63348 | Vaults:4 | Bought 2 potions of heal wounds for 140 gold pieces
 63370 | Vaults:4 | Reached skill level 4 in Air Magic
 63428 | Vaults:4 | Found Wuotofux's Distillery.
 63436 | Vaults:4 | Bought a potion of heal wounds for 85 gold pieces
 63453 | Vaults:4 | Noticed Mennas
 63465 | Vaults:4 | Killed Mennas
 63465 | Vaults:4 | Reached skill level 4 in Charms
 63600 | Vaults:4 | Found Xismeut's Antique Armour Emporium.
 63609 | Vaults:4 | Bought a glowing hat for 96 gold pieces
 64765 | Vaults:4 | Found Venitaaha's Armour Boutique.
 65236 | Vaults:3 | Reached skill level 13 in Dodging
 65243 | Vaults:3 | Reached XP level 21. HP: 144/144 MP: 34/38
 65721 | Shoals:1 | Entered Level 1 of the Shoals
 65738 | Shoals:1 | Reached skill level 21 in Unarmed Combat
 66025 | Shoals:1 | Identified a wand of heal wounds
 66165 | Shoals:1 | Reached skill level 13 in Fighting
 66634 | Shoals:2 | Noticed Nikola
 66653 | Shoals:2 | Noticed Polyphemus
 66943 | Shoals:2 | Noticed Kirke
 66958 | Shoals:1 | Killed Nikola
 67625 | Shoals:2 | Noticed Frances
 67629 | Shoals:2 | Killed Kirke
 67635 | Shoals:2 | Killed Frances
 67776 | Shoals:2 | Killed Polyphemus
 67924 | Shoals:3 | Found Sabboiw's Gadget Shop.
 68580 | Shoals:4 | Entered Level 4 of the Shoals
 68583 | Shoals:4 | Noticed Ilsuiw
 68592 | Shoals:4 | Killed Ilsuiw
 68602 | Shoals:4 | Reached skill level 14 in Dodging
 69190 | Shoals:4 | Got a barnacled rune of Zot
 69219 | Shoals:4 | Reached skill level 14 in Fighting
 69525 | Shoals:4 | Reached skill level 1 in Necromancy
 69659 | Shoals:4 | Reached skill level 2 in Necromancy
 70158 | Elf:1    | Entered Level 1 of the Elven Halls
 70259 | Elf:1    | Found Cuptint's Assorted Antiques.
 70288 | Elf:1    | Reached skill level 3 in Necromancy
 70465 | Elf:1    | Reached skill level 14 in Spellcasting
 70465 | Elf:1    | Reached XP level 22. HP: 154/154 MP: 38/40
 70466 | Elf:1    | Reached skill level 4 in Necromancy
 70493 | Elf:1    | Identified the Volume of Poisonous Battle Magic
 71036 | Elf:2    | Reached skill level 5 in Necromancy
 71151 | Elf:2    | Found a runed gate.
 71151 | Elf:2    | Found a runed gate.
 71155 | Elf:2    | Found a runed gate.
 71252 | Elf:2    | Found a huge runed gate.
 71252 | Elf:2    | Found a huge runed gate.
 71253 | Elf:2    | Found a huge runed gate.
 71254 | Elf:2    | Found a huge runed gate.
 71255 | Elf:2    | Found a huge runed gate.
 71255 | Elf:2    | Found a huge runed gate.
 71255 | Elf:2    | Found a huge runed gate.
 71262 | Elf:2    | Found a huge runed gate.
 71264 | Elf:2    | Found a huge runed gate.
 71265 | Elf:2    | Found a huge runed gate.
 71304 | Elf:2    | Found a huge runed gate.
 71365 | Elf:2    | Found a huge runed gate.
 71366 | Elf:2    | Found a huge runed gate.
 71367 | Elf:2    | Found a huge runed gate.
 71368 | Elf:2    | Found a huge runed gate.
 71369 | Elf:2    | Found a huge runed gate.
 71370 | Elf:2    | Found a huge runed gate.
 71379 | Elf:2    | Found a huge runed gate.
 71379 | Elf:2    | Found a huge runed gate.
 71379 | Elf:2    | Found a huge runed gate.
 71379 | Elf:2    | Found a huge runed gate.
 71379 | Elf:2    | Found a huge runed gate.
 71379 | Elf:2    | Found a huge runed gate.
 71379 | Elf:2    | Found a huge runed gate.
 71379 | Elf:2    | Found a huge runed gate.
 71379 | Elf:2    | Found a huge runed gate.
 71379 | Elf:2    | Found a huge runed gate.
 71379 | Elf:2    | Found a huge runed gate.
 71379 | Elf:2    | Found a huge runed gate.
 71379 | Elf:2    | Found a huge runed gate.
 71379 | Elf:2    | Found a huge runed gate.
 71454 | Elf:2    | Found a huge runed gate.
 71454 | Elf:2    | Found a huge runed gate.
 71460 | Elf:2    | Found a huge runed gate.
 71460 | Elf:2    | Found a huge runed gate.
 71476 | Elf:3    | Entered Level 3 of the Elven Halls
 71632 | Elf:3    | Reached skill level 6 in Necromancy
 71765 | Elf:3    | Found Tuggit's Assorted Antiques.
 71957 | Elf:3    | Noticed Norris
 71965 | Elf:3    | Killed Norris
 72074 | Elf:3    | Reached skill level 7 in Necromancy
 72323 | Elf:3    | Identified the ring "Okhlarai" {rC+ Dex+4 SInv} (You took it off a deep elf conjurer on level 3 of the Elven Halls)
 72353 | Elf:3    | Reached skill level 15 in Spellcasting
 72360 | Elf:3    | Reached skill level 8 in Necromancy
 73552 | Elf:3    | Identified the Disquisition on Enchantment and Attacks
 73564 | Elf:3    | Gained mutation: Your mind is acute. (Int +2) [potion of beneficial mutation]
 73567 | Elf:3    | Identified the Papyrus of Icy Transmutation (You found it on level 3 of the Elven Halls)
 73571 | Elf:3    | Identified the Compendium of Conjuration
 74282 | D:4      | Bought a phantom mirror for 360 gold pieces
 74675 | Vaults:4 | Bought a potion of beneficial mutation for 595 gold pieces
 74679 | Vaults:4 | Gained mutation: Your mind is very acute. (Int +4) [potion of beneficial mutation]
 75135 | Slime:1  | Entered Level 1 of the Pits of Slime
 75455 | Spider:3 | Learned a level 8 spell: Necromutation
 75746 | Crypt:1  | Entered Level 1 of the Crypt
 75837 | Crypt:1  | Noticed Frederick
 75849 | Crypt:1  | Killed Frederick
 75852 | Crypt:1  | Killed the ghostly Frederick
 75868 | Crypt:1  | Identified the cursed ring "Motoappe" {+Fly rF- Str+4 Slay+2} (You acquired it on level 1 of the Crypt)
 76155 | Crypt:1  | Reached skill level 9 in Necromancy
 76445 | Crypt:2  | Reached XP level 23. HP: 162/162 MP: 42/42
 76634 | Crypt:2  | Noticed Margery
 76645 | Crypt:2  | Reached skill level 15 in Fighting
 76648 | Crypt:2  | Killed Margery
 76739 | Crypt:2  | Reached skill level 10 in Necromancy
 77012 | Crypt:3  | Entered Level 3 of the Crypt
 77113 | Crypt:3  | Noticed an ancient lich
 77236 | Crypt:3  | Reached skill level 16 in Fighting
 77887 | Crypt:3  | Found a staircase to the Tomb.
 78107 | Crypt:3  | Reached skill level 22 in Unarmed Combat
 78163 | Crypt:3  | Reached skill level 17 in Fighting
 78350 | Crypt:3  | Found an ancient bone altar of Kikubaaqudgha.
 78489 | Crypt:3  | Killed an ancient lich
 78495 | Crypt:3  | Identified the Guide on Calling
 79732 | D:6      | Bought a papyrus manual for 390 gold pieces
 80033 | D:15     | Identified the Almanac of Displacement and Evil (You found it on level 15 of the Dungeon)
 80036 | D:15     | Learned a level 1 spell: Apportation
 80122 | D:15     | Reached skill level 18 in Fighting
 80282 | Depths:1 | Entered Level 1 of the Depths
 80497 | Depths:1 | Found a corrupted altar of Lugonu.
 80501 | Depths:1 | Found a one-way gate to the infinite horrors of the Abyss.
 80540 | Depths:1 | Noticed Aizul
 80550 | Depths:1 | Killed Aizul
 80550 | Depths:1 | Reached XP level 24. HP: 177/177 MP: 40/42
 81062 | Depths:1 | Found a gateway to Hell.
 81372 | Depths:2 | Reached skill level 23 in Unarmed Combat
 82401 | Depths:3 | Found a one-way gate leading to the halls of Pandemonium.
 82819 | Depths:3 | Reached skill level 24 in Unarmed Combat
 83310 | Depths:3 | Found a glowing silver altar of Zin.
 83830 | Depths:4 | Noticed Jorgrun
 83834 | Depths:4 | Killed Jorgrun
 83837 | Depths:4 | Reached XP level 25. HP: 80/184 MP: 42/42
 84294 | Depths:4 | Reached skill level 25 in Unarmed Combat
 84693 | Depths:4 | Identified the ring "Zeegee" {rC- rN+ MR+ MP+9 Int+4}
 85464 | Depths:4 | Found a gateway to a ziggurat.
 85605 | Depths:5 | Entered Level 5 of the Depths
 85632 | Depths:5 | Reached skill level 26 in Unarmed Combat
 86289 | Depths:5 | Reached XP level 26. HP: 175/191 MP: 42/42
 86680 | Depths:5 | Noticed Saint Roka
 86688 | Depths:5 | Killed Saint Roka
 86688 | Depths:5 | Reached skill level 27 in Unarmed Combat
 86832 | Depths:5 | Found a gate to the Realm of Zot.
 87591 | Slime:4  | Gained mutation: Your spells are a little harder to cast, but a little more powerful. [a shining eye]
 87759 | Slime:6  | Entered Level 6 of the Pits of Slime
 88144 | Slime:6  | Noticed the Royal Jelly
 88661 | Slime:5  | HP: 25/286 [acid blob[the Royal Jelly] (29)]
 89539 | Lair:1   | Killed Sonja
 89742 | Vaults:4 | Reached skill level 15 in Dodging
 90118 | Vaults:5 | Entered Level 5 of the Vaults
 90238 | Vaults:5 | Identified the ring "Jiun" {Ice +Blink MP+9 Str-5 Slay+5}
 90240 | Vaults:5 | Reached skill level 19 in Fighting
 90264 | Vaults:5 | Reached skill level 15 in Transmutations
 90360 | Vaults:5 | Reached skill level 11 in Necromancy
 90445 | Vaults:5 | Reached XP level 27. HP: 85/199 MP: 37/42
 90853 | Vaults:5 | Identified the amulet "Faygh" {Regen+ SInv} (You took it off a vault sentinel on level 5 of the Vaults)
 90905 | Vaults:5 | Noticed Mara
 90909 | Vaults:5 | Noticed ventricule's illusion
 90941 | Vaults:5 | Killed Mara
 91017 | Vaults:5 | Reached skill level 16 in Dodging
 91017 | Vaults:5 | Reached skill level 12 in Necromancy
 91252 | Vaults:5 | Reached skill level 16 in Transmutations
 91319 | Vaults:5 | Noticed Boris
 91329 | Vaults:5 | Killed Boris
 91368 | Vaults:5 | Identified the Almanac of Dusty Transmigration (You found it on level 5 of the Vaults)
 91647 | Vaults:5 | Reached skill level 20 in Fighting
 92091 | Vaults:5 | Got a silver rune of Zot
 92748 | Depths:4 | Gained mutation: Your muscles are strong. (Str +2) [potion of beneficial mutation]
 93090 | Vaults:5 | Reached skill level 5 in Charms
 93421 | Zig:1    | Entered Level 1 of a ziggurat
 93442 | Zig:2    | Entered Level 2 of a ziggurat
 93462 | Zig:3    | Entered Level 3 of a ziggurat
 93469 | Zig:3    | Reached skill level 6 in Charms
 93496 | Zig:4    | Entered Level 4 of a ziggurat
 93545 | Zig:5    | Entered Level 5 of a ziggurat
 93549 | Zig:5    | Identified the ring "Icrown" {+Fly rF+ MP+9}
 93634 | Zig:6    | Entered Level 6 of a ziggurat
 93644 | Zig:6    | Identified the ring "Kapseod" {Int-2 Dex+8 Stlth-}
 93650 | Zig:6    | Reached skill level 13 in Necromancy
 93657 | Zig:6    | Reached skill level 7 in Charms
 93699 | Zig:7    | Entered Level 7 of a ziggurat
 93711 | Zig:7    | Noticed Fuppiph the pandemonium lord
 93717 | Zig:7    | Killed Fuppiph the pandemonium lord
 93720 | Zig:7    | Reached skill level 8 in Charms
 93801 | Zig:8    | Entered Level 8 of a ziggurat
 93822 | Zig:8    | Reached skill level 9 in Charms
 93837 | Zig:8    | Identified Sif Muna's Almanac of Nocuous Evil
 93844 | Zig:8    | Learned a level 5 spell: Agony
 94061 | Zig:9    | Entered Level 9 of a ziggurat
 94083 | Zig:9    | Reached skill level 10 in Charms
 94405 | Zig:10   | Entered Level 10 of a ziggurat
 94426 | Zig:10   | Reached skill level 14 in Necromancy
 94437 | Zig:10   | Reached skill level 11 in Charms
 94523 | Zig:11   | Entered Level 11 of a ziggurat
 94561 | Zig:11   | Reached skill level 12 in Charms
 94566 | Zig:11   | Identified the amulet of Jeosm {rCorr +Fly rC+}
 94854 | Zig:12   | Entered Level 12 of a ziggurat
 94904 | Zig:12   | Reached skill level 13 in Charms
 94908 | Zig:12   | Reached skill level 15 in Necromancy
 95053 | Zig:12   | Identified the ring "Kudwif" {+Inv rPois rC+++ MR+ Slay-5}
 95053 | Zig:12   | Identified the ring "Uplura Mivy" {rC+ Int+2 Dex+4}
 95087 | Zig:13   | Entered Level 13 of a ziggurat
 95134 | Zig:13   | Reached skill level 14 in Charms
 95150 | Zig:13   | Identified the ring "Wiliffok" {rC++ Slay-6 Stlth+}
 95185 | Zig:13   | Learned a level 6 spell: Haste
 95187 | Zig:13   | Identified Domoebutte's Tome of the Arsonist and Changing
 95224 | Zig:14   | Entered Level 14 of a ziggurat
 95239 | Zig:14   | Noticed Kecw the pandemonium lord
 95239 | Zig:14   | Noticed Moxie the pandemonium lord
 95239 | Zig:14   | Noticed Nuops the pandemonium lord
 95257 | Zig:14   | Killed Kecw the pandemonium lord
 95264 | Zig:14   | Killed Nuops the pandemonium lord
 95285 | Zig:14   | Killed Moxie the pandemonium lord
 95307 | Zig:14   | Noticed Omonuyc the pandemonium lord
 95318 | Zig:14   | Killed Omonuyc the pandemonium lord
 95318 | Zig:14   | Reached skill level 16 in Necromancy
 95319 | Zig:14   | Reached skill level 17 in Dodging
 95360 | Zig:14   | Identified the cursed ring of Afumm {*Drain +Inv rF++ Dex-2 Stlth+}
 95549 | Zig:15   | Entered Level 15 of a ziggurat
 95607 | Zig:15   | HP: 22/261 [spark wasp zombie (7)]
 95607 | Zig:15   | HP: 2/261 [golden dragon zombie (20)]
 97134 | Slime:3  | Reached skill level 18 in Dodging
 97945 | Slime:6  | Found a viscous altar of Jiyva.
 98209 | Slime:6  | Killed the Royal Jelly
 98210 | Slime:6  | Identified the amulet of Diaq {Regen+ MP+9}
 98210 | Slime:6  | Identified the amulet "Wurug" {+Rage rPois rF- Str+4 Int+4}
 98412 | Slime:6  | Got a slimy rune of Zot
 99121 | Tomb:1   | Entered Level 1 of the Tomb of the Ancients
 99673 | Tomb:1   | Reached skill level 21 in Fighting
 99679 | Tomb:1   | Reached skill level 19 in Dodging
100194 | Tomb:1   | Identified the Grimoire of Floating Enchantment
102308 | Tomb:2   | Reached skill level 20 in Dodging
102764 | Tomb:1   | Reached skill level 22 in Fighting
103892 | Tomb:1   | Reached skill level 21 in Dodging
104481 | Tomb:1   | Reached skill level 23 in Fighting
104752 | Tomb:3   | Entered Level 3 of the Tomb of the Ancients
104763 | Tomb:3   | Noticed Jory
105026 | Tomb:2   | Killed Jory
105704 | Tomb:3   | Noticed Khufu
106164 | Tomb:2   | Reached skill level 22 in Dodging
106355 | Tomb:2   | Killed Khufu
106438 | Tomb:3   | Noticed an ancient lich
106445 | Tomb:3   | HP: 14/213 [death scarab (10)]
106448 | Tomb:3   | Mangled by a death scarab

Vanquished Creatures
  the Royal Jelly (Slime:6)
  Khufu (Tomb:2)
  An ancient lich (Crypt:3)
  Mara (Vaults:5)
  Mennas (Vaults:4)
  31 greater mummies
  Sojobo (Vaults:3)
  Boris (Vaults:5)
  3 iron giants
  Margery (Crypt:2)
  Frederick (Crypt:1)
  12 Killer Klowns
  Norris (Elf:3)
  2 caustic shrikes
  5 pandemonium lords
  Saint Roka (Depths:5)
  5 golden dragons
  Xtahua (Vaults:3)
  Jory (Tomb:2)
  Nikola (Shoals:1)
  Arachne (Spider:4)
  A bone dragon (Depths:5)
  Jorgrun (Depths:4)
  8 tentacled monstrosities
  4 doom hounds (Zig:9)
  A hellephant (Zig:11)
  6 liches
  A Hell Sentinel (Zig:15)
  4 quicksilver dragons
  3 deep elf blademasters
  3 titans (Vaults:5)
  2 deep elf master archers (Elf:3)
  11 sphinxes
  A quicksilver dragon (shapeshifter) (Zig:12)
  2 krakens (Shoals:1)
  32 acid blobs
  Polyphemus (Shoals:2)
  An Executioner (Zig:12)
  4 ancient champions
  Frances (Shoals:2)
  Kirke (Shoals:2)
  7 shadow dragons
  A tentacled starspawn (Zig:3)
  Agnes (D:14)
  2 draconian monks
  10 storm dragons
  19 azure jellies
  10 tengu reavers
  An azure jelly (shapeshifter) (Zig:12)
  Roxanne (Spider:1)
  Donald (Orc:3)
  12 frost giants
  3 daevas (Depths:3)
  Ilsuiw (Shoals:4)
  5 revenants
  2 frost giants (shapeshifter)
  10 fire giants
  A draconian knight (Zig:8)
  5 deep elf sorcerers
  2 iron dragons (Depths:4)
  2 ghost moths (shapeshifter)
  A draconian scorcher (Zig:2)
  Aizul (Depths:1)
  A caustic shrike zombie (Crypt:1)
  3 curse skulls
  3 ghouls (Crypt:2)
  20 vault wardens
  7 ghost moths
  6 emperor scorpions
  5 war gargoyles
  15 ironheart preservers
  A draconian shifter (Depths:5)
  A juggernaut zombie (Zig:15)
  28 stone giants
  4 angels (Depths:3)
  A spriggan defender (Depths:4)
  6 vampire knights
  8 reapers
  8 very ugly things
  The ghost of Raultor the Severer, a journeyman MiBe of Trog (Lair:5)
  4 salamander stormcallers
  3 green draconians
  15 deep elf demonologists
  Nessos (Orc:3)
  3 white draconians (Depths:5)
  2 black draconians
  4 red draconians
  3 chaos champions
  8 deep elf annihilators
  8 bennus
  4 dire elephants
  2 yellow draconians (Zig:8)
  A purple draconian (Zig:8)
  12 ettins
  6 spark wasps
  13 deep elf death magi
  38 vault guards
  10 merfolk javelineers
  10 eidola
  A crystal guardian (Vaults:3)
  5 deep elf high priests
  23 mummy priests
  6 jiangshi
  23 yaktaur captains
  Josephine (Orc:4)
  16 fire dragons
  16 death oozes
  10 great orbs of eyes
  7 merfolk impalers
  A minotaur (Lab)
  9 ice dragons
  4 rakshasas
  4 catoblepae
  14 hydras
  Fannar (D:12)
  2 spriggan air magi
  A ghost crab (shapeshifter) (Vaults:4)
  10 centaur warriors
  A death knight (Crypt:2)
  2 alligator snapping turtles (shapeshifter)
  8 entropy weavers
  4 merfolk avatars
  17 ogre magi
  An alligator (shapeshifter) (Vaults:5)
  An alligator snapping turtle (Shoals:3)
  14 deep troll earth magi
  6 orc high priests
  16 death yaks
  3 tengu warriors
  2 dancing weapons (Elf:2)
  A satyr (Shoals:3)
  4 spriggan berserkers
  2 merfolk aquamancers (Shoals:4)
  A death yak (shapeshifter) (Zig:14)
  16 deep troll shamans
  6 soul eaters
  Sonja (Lair:1)
  4 vampire magi
  3 fire crabs (shapeshifter)
  A death drake (shapeshifter) (Depths:4)
  29 deep elf knights
  11 skeletal warriors
  2 fire crabs
  2 salamander mystics
  50 death scarabs
  A shadow wraith (Vaults:5)
  20 hell knights
  A kraken simulacrum (Shoals:4)
  3 giant orange brains
  A small abomination (Vaults:4)
  15 ironbrand convokers
  A golden dragon zombie (Crypt:3)
  9 iron trolls
  The ghost of Conn321 the Chiller, a novice HuIE of Sif Muna (D:7)
  13 deep elf summoners
  6 cherubim (Depths:3)
  2 spriggan druids (Zig:5)
  7 flayed ghosts
  An unseen horror (shapeshifter) (Depths:4)
  13 sea snakes
  Pikel (D:7)
  3 unseen horrors
  2 lindwurms
  16 orc knights
  3 wolf spider zombies
  A shadow dragon zombie (Crypt:3)
  A shambling mangrove (Zig:5)
  39 deep trolls
  8 anubis guards
  7 orc sorcerers
  2 wizards
  12 hill giants
  An anaconda skeleton (Crypt:3)
  32 wolf spiders
  An iron dragon zombie (Crypt:3)
  26 deep elf conjurers
  15 phantasmal warriors
  22 orb spiders
  5 stone giant zombies
  55 ugly things
  22 harpies
  3 shadow dragon skeletons
  2 frost giant zombies
  14 griffons
  20 necromancers
  5 shining eyes
  4 salamanders
  7 manticores
  A salamander (shapeshifter) (D:15)
  2 oklob plants (Lair:1)
  2 moths of wrath (shapeshifter)
  6 hornets
  A sphinx skeleton (Crypt:1)
  7 black mambas
  A spriggan zombie (Zig:9)
  3 water nymphs
  A fire giant skeleton (Tomb:2)
  An elephant (shapeshifter) (Vaults:3)
  9 fauns
  3 moths of wrath
  16 elephants
  12 sirens
  4 apocalypse crabs
  2 black mambas (shapeshifter)
  An iron dragon skeleton (Tomb:1)
  2 dire elephant zombies (Crypt:3)
  A spiny frog (shapeshifter) (Depths:5)
  A shock serpent zombie (Crypt:3)
  A stone giant skeleton (Vaults:3)
  4 ice statues
  A rust devil (Zig:15)
  3 eyes of devastation
  A naga mage (D:15)
  6 torpor snails
  A hellion (Zig:15)
  5 cyclopes
  25 vault sentinels
  A shock serpent skeleton (Crypt:3)
  5 centaur skeletons
  2 guardian serpents (shapeshifter)
  A gargoyle (D:13)
  16 spiny frogs
  11 demonic crawlers
  A dire elephant skeleton (Crypt:3)
  13 komodo dragons
  A komodo dragon (shapeshifter) (Zig:14)
  3 kobold demonologists
  An efreet (D:15)
  A yaktaur skeleton (Vaults:4)
  37 guardian mummies
  8 ice devils (IceCv)
  2 tormentors
  A yaktaur (shapeshifter) (Depths:2)
  12 deep elf priests
  A red draconian skeleton (Crypt:1)
  A golden dragon simulacrum (Crypt:2)
  3 tengu conjurers
  44 yaktaurs
  A harpy zombie (Crypt:3)
  A grey draconian skeleton (Crypt:2)
  12 hellwings (Crypt:3)
  A white draconian skeleton (Crypt:2)
  4 fire drakes
  2 hydra zombies
  A two-headed ogre (shapeshifter) (Vaults:4)
  33 merfolk
  5 wind drakes
  41 jumping spiders
  3 giant leeches
  A polar bear (Lair:4)
  15 freezing wraiths
  9 trolls
  25 two-headed ogres
  A shadow dragon simulacrum (Vaults:4)
  A wind drake (shapeshifter) (Depths:3)
  12 blink frogs
  An alligator zombie (Crypt:3)
  2 fire dragon zombies
  A blink frog (shapeshifter) (Depths:4)
  4 hydra skeletons (Crypt:3)
  7 boulder beetles
  A harpy skeleton (Crypt:2)
  An ice dragon zombie (Crypt:2)
  2 spriggans (shapeshifter)
  A boulder beetle (shapeshifter) (Vaults:5)
  7 flying skulls
  139 slime creatures
  A raiju (shapeshifter) (Elf:2)
  A stone giant simulacrum (Vaults:1)
  3 spriggans
  24 trapdoor spiders
  A tarantella (shapeshifter) (Vaults:2)
  2 humans
  18 ushabtiu
  22 wraiths
  4 ettin zombies
  A snapping turtle (shapeshifter) (Depths:3)
  An ettin skeleton (Crypt:3)
  9 shadows
  6 water elementals
  A trapdoor spider (shapeshifter) (Zig:14)
  2 wyverns
  15 snapping turtles
  51 redbacks
  A yak (shapeshifter) (Depths:4)
  7 vampires
  13 hippogriffs
  2 hogs (shapeshifter)
  A ynoxinul (Zig:3)
  A fire bat (shapeshifter) (Vaults:5)
  A golden eye (shapeshifter) (Depths:1)
  50 yaks
  3 chaos spawn
  42 deep elf magi
  3 hungry ghosts
  3 air elementals (Depths:4)
  16 golden eyes
  3 hogs (Shoals:2)
  40 tarantellas
  9 basilisks
  26 deep elf fighters
  A warg (shapeshifter) (Vaults:5)
  Menkaure (D:7)
  A yaktaur simulacrum (Vaults:4)
  32 wolves
  2 human simulacra (Vaults:3)
  23 vampire mosquitoes
  2 soldier ants (shapeshifter)
  9 wargs
  An infernal demonspawn zombie (Crypt:2)
  10 swamp worms (Spider:1)
  3 hell hounds
  33 water moccasins
  A merfolk skeleton (Crypt:3)
  3 mottled dragons
  10 porcupines
  39 orc warriors
  2 ice beasts
  A slave (D:7)
  2 swamp drakes (Zig:5)
  5 wasps
  A black bear (D:13)
  5 eyes of draining
  A large abomination (Zig:3)
  An eye of draining (shapeshifter) (Vaults:3)
  16 centaurs
  58 ogres
  5 sky beasts
  An ettin simulacrum (Vaults:2)
  A snapping turtle skeleton (Crypt:3)
  15 boggarts
  5 necrophages
  18 crocodiles
  A big kobold (D:6)
  32 giant frogs
  2 gnoll sergeants
  A wyvern zombie (D:8)
  2 glowing shapeshifter simulacra
  7 wyvern skeletons
  13 killer bees
  A water moccasin zombie (Crypt:1)
  2 scorpions
  A water moccasin skeleton (D:7)
  A swamp dragon simulacrum (Crypt:2)
  8 wights
  38 jellies
  6 electric eels
  5 centaur zombies
  A giant frog skeleton (D:11)
  2 quasits
  An iron imp (Zig:15)
  2 giant frog zombies
  2 gnoll shamans (D:6)
  35 orc wizards
  2 human zombies
  50 orc priests
  Jessica (D:2)
  16 hounds
  15 worker ants
  A basilisk skeleton (Crypt:2)
  2 human skeletons
  A lightning spire (Zig:11)
  12 iguanas
  33 sheep
  A tengu zombie (Tomb:3)
  A naga zombie (Crypt:2)
  An ogre zombie (Crypt:3)
  A hound zombie (D:7)
  49 mummies
  A worker ant zombie (D:5)
  72 river rats
  9 adders
  10 gnolls
  8 shadow imps
  5 white imps (IceCv)
  3 oozes
  7 ufetubi (IceCv)
  An adder zombie (D:7)
  12 worms
  10 giant geckos
  205 orcs
  2 ball pythons
  12 bats
  9 goblins
  21 hobgoblins
  8 jackals
  5 quokkas
  12 giant cockroaches
  2 giant gecko skeletons
  7 giant newts
  2 jackal zombies (Crypt:1)
  12 kobolds
  A kobold skeleton (Tomb:1)
  2 kobold zombies
  An orc skeleton (Crypt:3)
  15 rats
  A crawling corpse (Vaults:4)
  10 plants
  7 tentacles
3443 creatures vanquished.

Vanquished Creatures (collateral kills)
  An azure jelly (Slime:6)
  A jelly (Slime:6)
  A jackal skeleton (D:6)
3 creatures vanquished.

Vanquished Creatures (others)
  An eldritch tentacle (Tomb:3)
  A shadow dragon (Vaults:4)
  A revenant (Tomb:2)
  A hydra (Zig:11)
  A deep elf knight (Elf:1)
  A skeletal warrior (Tomb:1)
  A deep elf summoner (Zig:13)
  15 death scarabs
  An orb spider (Spider:3)
  A siren (Shoals:4)
  A shock serpent skeleton (Tomb:2)
  A guardian mummy (Tomb:2)
  A merfolk (Shoals:2)
  A hydra skeleton (Tomb:2)
  3 flying skulls (Tomb:2)
  A deep elf fighter (Vaults:4)
  A human (Shoals:2)
  An ice beast (D:4)
  A black bear (D:7)
  Crazy Yiuf (D:7)
  5 mummies
  3 white imps (IceCv)
  An ooze (shapeshifter) (Zig:14)
  2 ufetubi (IceCv)
  3 orcs
  39 eldritch tentacle segments (Tomb:3)
  38 fungi
  9 lost souls
  43 plants
  15 tentacles
  411 tentacle segments
605 creatures vanquished.

Grand Total: 4051 creatures vanquished
